 Dungeon Crawl Stone Soup version 0.21-a0-207-g4a9efaf (webtiles) character file.

9243 namelastname112 the Artisan of Death (level 11, -2/69 HPs)
             Began as a Tengu Necromancer on Aug 20, 2017.
             Was a Priest of Kikubaaqudgha.
             Slain by a yak (13 damage)
             ... on level 9 of the Dungeon.
             The game lasted 00:26:51 (13041 turns).

namelastname112 the Artisan of Death (TeNe)        Turns: 13041, Time: 00:26:52

Health: -2/69      AC:  6    Str: 11    XL:     11   Next: 43%
Magic:  24/24      EV: 17    Int: 16    God:    Kikubaaqudgha [***...]
Gold:   611        SH:  0    Dex: 15    Spells: 3/26 levels left

rFire    + . .     SeeInvis .   d - +1 dagger (elec)
rCold    + + +     Gourm    .   (no shield)
rNeg     + . .     Faith    .   h - +3 leather armour {rC+}
rPois    .         Spirit   .   (helmet restricted)
rElec    .         Reflect  .   x - scarf {rC+ rF+}
rCorr    .         Harm     +   (no gloves)
MR       .....                  (boots unavailable)
Stlth    ++........             u - amulet of harm
HPRegen  0.21/turn              A - ring of positive energy
MPRegen  0.19/turn              p - ring of protection from cold

@: about to teleport, slowed, very slow
A: beak, talons 3, able to fly 1
a: Fly, Receive Corpses, Renounce Religion


You were on level 9 of the Dungeon.
You worshipped Kikubaaqudgha.
Kikubaaqudgha was most pleased with you.
You were not hungry.

You visited 2 branches of the dungeon, and saw 10 of its levels.

You collected 611 gold pieces.

Inventory:

Hand Weapons
 d - a +1 dagger of electrocution (weapon)
 q - the +2 dagger of Wariness {holy, *Rage rPois rC++ Stlth+}
   (You found it on level 7 of the Dungeon)

   It has been blessed by the Shining One to cause great damage to the undead
   and demons.
   It greatly protects you from cold.
   It protects you from poison.
   It may make you go berserk in combat.
   It makes you more stealthy.
Armour
 h - a +3 leather armour of cold resistance (worn)
 w - a +0 buckler
 x - a scarf of resistance (worn)
Jewellery
 l - an uncursed amulet of rage
 p - a ring of protection from cold (right hand)
 u - an amulet of harm (around neck)
 A - a ring of positive energy (left hand)
Wands
 i - a wand of random effects (12/48)
Scrolls
 e - a scroll of teleportation
 o - 5 scrolls of magic mapping
 t - 2 scrolls of remove curse
Potions
 a - 2 potions of flight
 j - a potion of agility
 n - a potion of might {unknown}
 s - a potion of cancellation
 z - a potion of ambrosia
Books
 b - a book of Necromancy

   Spells                             Type                      Level
   a - Pain                           Necromancy                   1
   b - Animate Skeleton               Necromancy                   1
   c - Vampiric Draining              Necromancy                   3
   d - Regeneration                   Charms/Necromancy            3
   e - Animate Dead                   Necromancy                   4
   f - Control Undead                 Necromancy                   4
 r - Kikubaaqudgha's Tome of Evil Arts
   (Kikubaaqudgha gifted it to you on level 7 of the Dungeon)

   Spells                             Type                      Level
   a - Animate Skeleton               Necromancy                   1
   b - Corpse Rot                     Necromancy                   2
   c - Sublimation of Blood           Necromancy                   2
   d - Regeneration                   Charms/Necromancy            3
   e - Control Undead                 Necromancy                   4
 v - Kikubaaqudgha's Catalogue of Darkness
   (Kikubaaqudgha gifted it to you on level 8 of the Dungeon)

   Spells                             Type                      Level
   a - Animate Dead                   Necromancy                   4
   b - Agony                          Necromancy                   5
   c - Dispel Undead                  Necromancy                   5
   d - Simulacrum                     Ice/Necromancy               6
   e - Death Channel                  Necromancy                   6
Comestibles
 c - a bread ration
 f - 2 chunks of flesh
 k - a meat ration
 m - 6 fruits


   Skills:
 + Level 8.4 Fighting
 + Level 5.9 Short Blades
 + Level 9.3 Dodging
 - Level 2.0 Stealth
 + Level 8.0 Spellcasting
 + Level 10.1 Necromancy


You had 3 spell levels left.
You knew the following spells:

 Your Spells              Type           Power        Failure   Level  Hunger
a - Animate Skeleton      Necr           N/A          1%          1    None
b - Animate Dead          Necr           N/A          2%          4    ####...
c - Dispel Undead         Necr           #####...     6%          5    #####..
d - Regeneration          Chrm/Necr      ###.......   5%          3    ##.....
s - Death Channel         Necr           #####.....   34%         6    #######
x - Vampiric Draining     Necr           #####.....   1%          3    ##.....
z - Pain                  Necr           ####         1%          1    None


Dungeon Overview and Level Annotations

Branches:
Dungeon (9/15)             Temple (1/1) D:6            Lair (0/6) D:9
    Orc: D:9-12

Altars:
Ashenzari
Cheibriados
Dithmenos
Elyvilon
Fedhas
Hepliaklqana
Kikubaaqudgha
Makhleb
Okawaru
Qazlal
Ru
Sif Muna
Trog
Uskayaw
Vehumet
Wu Jian
Xom
Yredelemnul
Zin
The Shining One

Shops:
D:4 *


Innate Abilities, Weirdness & Mutations

You have a beak for a mouth.
You have claws for feet.
You can fly.


Message History

You hit the yak but do no damage. Lightning courses through the yak!
The yak is severely wounded.
The yak gores you.
You take 3 damage, and have 55/69 hp.
The guardian serpent gestures with its tail.
The yak blinks!
The yak gores you! The yak completely misses you. The yak gores you.
You take 10 damage, and have 45/69 hp.
You hit the yak but do no damage. The yak gores you! The yak misses you.
You take 13 damage, and have 32/69 hp.
As you read the scroll of teleportation, it crumbles to dust.
You feel strangely unstable. The guardian serpent barely misses you.
The guardian serpent misses you. The yak barely misses you. The yak gores you.
You take 3 damage, and have 29/69 hp.
Okay, then.
The guardian serpent barely misses you. The yak gores you!
* * * LOW HITPOINT WARNING * * *
The yak gores you!
You die...
Kikubaaqudgha rasps: "You have failed me!
Welcome... death!"

#.... #..##+##
##########..#?$?#
............#$$%#
............#
######.##..#
###.##..#####.
#.YYS.........
##.#@.....#>.#.
######.....###.#....
.......รท...# ..# ##
#####.....###..#
##.#.......#
#.#.##.##<# #.#
#.#.##># # #.#
#.#.##Z##.# #.#
#.........####


You could see a guardian serpent and 2 yaks.

Vanquished Creatures
  2 orc knights (D:7)
  An orc sorcerer (D:7)
  Grinder (D:6)
  2 hippogriffs
  4 yaks
  13 wargs
  4 ice beasts
  3 porcupines (D:9)
  9 orc warriors
  2 phantoms
  2 ogres
  A sky beast (D:7)
  A black bear (D:9)
  4 centaurs
  A crocodile (D:9)
  A big kobold (D:8)
  10 bullfrogs
  3 scorpions
  A killer bee (D:9)
  5 wights (D:7)
  3 howler monkeys (D:7)
  4 crimson imps
  A centaur zombie (D:8)
  4 orc priests
  5 hounds
  3 jellies
  4 orc wizards
  Natasha (thrice) (D:4)
  2 bullfrog skeletons
  4 iguanas
  5 worker ants
  2 howler monkey skeletons
  11 gnolls
  9 adders
  3 shadow imps (D:7)
  An adder zombie (D:7)
  A worm (D:6)
  2 dart slugs (D:1)
  5 leopard geckos
  39 orcs
  5 giant cockroaches
  7 goblins
  9 hobgoblins
  16 jackals
  7 quokkas
  A ball python (D:1)
  10 bats
  7 frilled lizards
  8 kobolds
  A quokka skeleton (D:4)
  11 rats
263 creatures vanquished.

Vanquished Creatures (collateral kills)
  A wyvern (D:9)
  A warg (D:7)
  An orc warrior (D:7)
  2 phantoms
  A sky beast (D:9)
  A black bear (D:9)
  A bullfrog (D:9)
  A wight (D:7)
  2 crimson imps
  A hound (D:5)
  An orc priest (D:9)
  An adder (D:3)
  6 orcs
  A giant cockroach (D:7)
  A jackal (D:1)
  A quokka (D:4)
  A kobold (D:2)
  A rat (D:2)
  2 fungi (D:9)
27 creatures vanquished.

Vanquished Creatures (others)
  13 fungi (D:9)
  5 plants
18 creatures vanquished.

Grand Total: 308 creatures vanquished

Notes
Turn   | Place    | Note
-------+----------+-------------------------------------------
     0 | D:1      | namelastname112 the Tengu Necromancer began the quest for the Orb.
     0 | D:1      | Reached XP level 1. HP: 10/10 MP: 4/4
    63 | D:1      | Learned a level 1 spell: Animate Skeleton
   370 | D:1      | Reached XP level 2. HP: 16/16 MP: 4/6
   386 | D:1      | Reached skill level 1 in Fighting
   715 | D:1      | Reached XP level 3. HP: 4/20 MP: 0/7
  1443 | D:2      | Found a glowing silver altar of Zin.
  1444 | D:2      | Noticed an angel
  1608 | D:2      | Learned a level 3 spell: Vampiric Draining
  1770 | D:2      | Reached XP level 4. HP: 11/26 MP: 0/8
  1924 | D:2      | Learned a level 3 spell: Regeneration
  2045 | D:2      | Reached skill level 5 in Necromancy
  2322 | D:2      | Found a burning altar of Makhleb.
  2716 | D:2      | Gained mutation: You can fly. [Tengu growth]
  2716 | D:2      | Reached XP level 5. HP: 10/30 MP: 0/10
  3566 | D:3      | Reached XP level 6. HP: 9/36 MP: 1/11
  4327 | D:4      | Noticed a phantom
  4354 | D:5      | Entered Level 5 of the Dungeon
  4497 | D:5      | Reached XP level 7. HP: 37/41 MP: 13/13
  4880 | D:5      | Got a smoking robe
  4931 | D:5      | Noticed a yak
  4932 | D:5      | Noticed a yak
  4970 | D:4      | Reached skill level 6 in Necromancy
  5156 | D:4      | Reached skill level 5 in Dodging
  5349 | D:4      | Found a shattered altar of Ashenzari.
  5394 | D:4      | Noticed Natasha
  5401 | D:4      | Killed Natasha
  5470 | D:4      | Found a radiant altar of Vehumet.
  5575 | D:4      | Reached XP level 8. HP: 35/48 MP: 6/15
  5689 | D:4      | Found Qaxt's General Store.
  6102 | D:4      | Noticed Natasha
  6106 | D:4      | Killed Natasha
  6128 | D:4      | Noticed Natasha
  6136 | D:4      | Killed Natasha
  6278 | D:5      | Noticed a yak
  6288 | D:4      | Killed a yak
  6454 | D:4      | Killed a yak
  6454 | D:4      | Reached skill level 5 in Fighting
  6454 | D:4      | Reached skill level 7 in Necromancy
  6548 | D:4      | Reached skill level 5 in Spellcasting
  6562 | D:4      | Learned a level 4 spell: Animate Dead
  6658 | D:5      | Killed a yak
  6908 | D:5      | Identified the +0 robe of Darkness {rElec} (You found it on level 5 of the Dungeon)
  6955 | D:6      | Found a snail-covered altar of Cheibriados.
  7035 | D:6      | Reached XP level 9. HP: 39/54 MP: 12/18
  7164 | D:6      | Found a hazy altar of Hepliaklqana.
  7168 | D:6      | Found a glowing golden altar of the Shining One.
  7180 | D:6      | Found a white marble altar of Elyvilon.
  7353 | D:6      | Noticed Grinder
  7359 | D:6      | Paralysed by Grinder for 6 turns
  7376 | D:6      | Paralysed by Grinder for 3 turns
  7388 | D:6      | Paralysed by Grinder for 4 turns
  7397 | D:6      | Paralysed by Grinder for 7 turns
  7408 | D:6      | Found a deep blue altar of Sif Muna.
  7410 | D:6      | Paralysed by Grinder for 6 turns
  7423 | D:6      | Found a shimmering altar of Xom.
  7428 | D:6      | Paralysed by Grinder for 5 turns
  7436 | D:6      | Killed Grinder
  7600 | D:6      | Found a staircase to the Ecumenical Temple.
  7680 | Temple   | Entered the Ecumenical Temple
  7751 | Temple   | Became a worshipper of Kikubaaqudgha
  8298 | D:6      | Reached skill level 8 in Necromancy
  8592 | D:6      | Reached skill level 1 in Short Blades
  8766 | D:7      | Found a bloodstained altar of Trog.
  9022 | D:7      | Got a crude dagger
  9028 | D:7      | Identified the +2 dagger of Wariness {holy, *Rage rPois rC++ Stlth+} (You found it on level 7 of the Dungeon)
  9041 | D:7      | Reached * piety under Kikubaaqudgha
  9041 | D:7      | Identified Kikubaaqudgha's Tome of Evil Arts (Kikubaaqudgha gifted it to you on level 7 of the Dungeon)
  9041 | D:7      | Received a gift from Kikubaaqudgha
  9078 | D:7      | Reached XP level 10. HP: 37/61 MP: 12/20
  9320 | D:7      | HP: 3/61 [warg (6)]
  9803 | D:7      | Reached skill level 9 in Necromancy
 10282 | D:7      | Reached ** piety under Kikubaaqudgha
 10335 | D:7      | Noticed an orc sorcerer
 10497 | D:7      | Noticed an orc knight
 10520 | D:7      | Killed an orc knight
 10684 | D:7      | Killed an orc sorcerer
 10986 | D:7      | Noticed an orc knight
 10999 | D:7      | Killed an orc knight
 10999 | D:7      | Reached skill level 5 in Short Blades
 10999 | D:7      | Reached XP level 11. HP: 45/68 MP: 8/23
 11578 | D:8      | Reached *** piety under Kikubaaqudgha
 11578 | D:8      | Identified Kikubaaqudgha's Catalogue of Darkness (Kikubaaqudgha gifted it to you on level 8 of the Dungeon)
 11578 | D:8      | Received a gift from Kikubaaqudgha
 11587 | D:8      | Learned a level 6 spell: Death Channel
 11593 | D:8      | Learned a level 5 spell: Dispel Undead
 11951 | D:8      | Reached skill level 10 in Necromancy
 12460 | D:9      | Found a staircase to the Lair.
 13041 | D:9      | Slain by a yak

Vault maps used:
D:1:      elethiomel_arrival_infinity_welcomes_careful_drivers, minmay_unequal
D:2:      lightli_temple_of_fire, zin_angel, grunt_decor_mini_mirrors
D:3:      first_bread, grunt_decor_cap
D:4:      old_standard_altar, fiery_altar_vehumet, serial_shops, shop_statue,
          uniq_natasha
D:6:      overflow_temple_1_default, nicolae_overflow_hidden_temple,
          nicolae_overflow_crystal_walls, minitemple,
          minmay_temple_entry_poolview, uniq_grinder
D:7:      lemuel_castle_with_subvaults, basic_altar
D:9:      minmay_shrinking_squares, grunt_temple_overflow_opulence,
          due_lair_maze_entry_diamond, orc_0_dummy,
          nrook_guardian_serpent_double
Temple:   jpeg_temple_alley_garden

Skill      XL: |  1  2  3  4  5  6  7  8  9 10 11 |
---------------+----------------------------------+-----
Fighting       | 1 2 3 4 5 6 7 8 |  8.4
Dodging        | 3 4 5 6 7 8 9 |  9.3
Necromancy     | 5 6 7 8 9 10 | 10.1
Spellcasting   | 3 4 5 6 7 8 |  8.0
Short Blades   | 3 5 |  5.9
Stealth        | |  2.0

Action                   |  1- 3 |  4- 6 |  7- 9 | 10-12 || total
-------------------------+-------+-------+-------+-------++-------
Melee: Whip              |     9 |       |       |       ||     9
       Kick              |     5 |    13 |    87 |    91 ||   196
       Peck              |     2 |    15 |    71 |    61 ||   149
       Dagger            |    16 |    70 |   371 |   357 ||   814
       Unarmed           |       |       |    12 |       ||    12
Throw: Throwing net      |       |       |     1 |     1 ||     2
 Cast: Pain              |    70 |    82 |    45 |    12 ||   209
       Animate Skeleton  |     5 |    13 |    17 |    33 ||    68
       Vampiric Draining |     1 |    23 |    58 |    72 ||   154
       Regeneration      |       |       |     8 |     9 ||    17
       Animate Dead      |       |       |     1 |     5 ||     6
       Death Channel     |       |       |       |     3 ||     3
 Abil: Fly               |       |     1 |       |     3 ||     4
       Evoke Berserk Rag |       |       |     4 |       ||     4
Evoke: Wand              |       |       |     4 |     4 ||     8
  Use: Scroll            |       |     1 |    12 |     5 ||    18
       Potion            |       |       |     1 |     2 ||     3
 Stab: Distracted        |     1 |       |     3 |       ||     4
       Sleeping          |     1 |       |     2 |     1 ||     4
       Held in net/web   |       |       |     1 |       ||     1
  Eat: Chunk             |     4 |     7 |    15 |    15 ||    41
       Bread ration      |       |     1 |     1 |       ||     2
       Fruit             |       |       |     5 |       ||     5
       Royal jelly       |       |       |       |     1 ||     1
       Meat ration       |       |       |       |     1 ||     1
Armor: Robe              |     3 |       |       |       ||     3
       Leather armour    |     3 |    31 |    92 |    41 ||   167
       Skin              |       |       |    11 |       ||    11
Dodge: Dodged            |    31 |    90 |   312 |   253 ||   686
